 Dungeon Crawl Stone Soup version 0.27-a0-1140-g099f9bb0e8 (webtiles) character file.

Game seed: 16624541817210970966

685 psychosalad the Ruffian (level 7, -1/67 HPs)
             Began as a Troll Berserker on May 9, 2021.
             Was a Believer of Trog.
             Slain by Edmund
             ... wielding a +4 flail of holy wrath
              (9 damage)
             ... on level 5 of the Dungeon.
             The game lasted 00:10:50 (2548 turns).

psychosalad the Ruffian (Troll Berserker)           Turns: 2548, Time: 00:10:51

Health: -1/67      AC:  4    Str: 28    XL:     7   Next: 35%
Magic:  15/15      EV: 10    Int:  3    God:    Trog [**....]
Gold:   95         SH:  0    Dex:  9    Spells: 6/6 levels left

rFire    . . .     SeeInvis .     - Unarmed
rCold    . . .     Faith    .   (no shield)
rNeg     . . .     Spirit   .   a - +0 animal skin
rPois    .         Reflect  .   (helmet restricted)
rElec    .         Harm     .   (no cloak)
rCorr    .         Rampage  .   (gloves unavailable)
Will     +....                  (boots unavailable)
Stlth    +.........             (no amulet)
HPRegen  1.21/turn              e - ring of magical power
MPRegen  0.14/turn              f - ring of willpower

@: on berserk cooldown, slowed, very slow
A: large, unfitting armour, claws 3, regeneration 1, shaggy fur 1, tough skin 1
a: Renounce Religion, Berserk, Trog's Hand


You were on level 5 of the Dungeon.
You worshipped Trog.
Trog was pleased with you.
You visited 1 branch of the dungeon, and saw 5 of its levels.

You collected 95 gold pieces.

Inventory:

Hand Weapons
 j - a +0 dagger
 l - a +0 war axe
Missiles
 k - 124 stones
Armour
 a - a +0 animal skin (worn)
Jewellery
 e - a ring of magical power (left claw)
 f - a ring of willpower (right claw)
 n - a ring of wizardry
Wands
 i - a wand of mindburst (16)
Scrolls
 b - 3 scrolls of identify
 g - a scroll of teleportation
 m - a scroll of immolation {unknown}
 o - a scroll of magic mapping {unknown}
Potions
 c - 2 potions of cancellation
 d - a potion of ambrosia
 h - a potion of degeneration


   Skills:
 + Level 3.5 Fighting
 + Level 4.0 Dodging
 + Level 0.8 Stealth
 + Level 6.8 Unarmed Combat


You had 6 spell levels left.
You didn't know any spells.
Your spell library contained the following spells:

 Spells                   Type           Power      Damage    Failure   Level
 Freeze                   Ice            0%         1d3       52%         1
 Frozen Ramparts          Ice            0%         1d2       88%         3
 Ozocubu's Armour         Ice            0%         N/A       88%         3
 Hailstorm                Conj/Ice       0%         3d3       99%         4
 Metabolic Englaciation   Hex/Ice        0%         N/A       100%        5


Dungeon Overview and Level Annotations

Branches:
Dungeon (5/15)
 Temple: D:4-7

Altars:
Qazlal
Ru
Yredelemnul

Shops:
D:2 (   D:3 *

Annotations:
D:5 Edmund


Innate Abilities, Weirdness & Mutations

You are too large for most types of armour.
You have claws for hands.
Your natural rate of healing is unusually fast.
You are covered in fur. (AC +1)
You have tough skin. (AC +1)


Message History

You miss Prince Ribbit. Your claw misses Prince Ribbit.
Prince Ribbit is heavily wounded.
Prince Ribbit blinks!
You closely miss Prince Ribbit.
Prince Ribbit is heavily wounded.
Prince Ribbit closely misses you.
You scratch Prince Ribbit.
Prince Ribbit is heavily wounded.
Something hits you! Prince Ribbit hits you!
A red film seems to cover your vision as you go berserk!
You feel yourself moving faster!
You feel mighty! Prince Ribbit hits you. Something hits you.
Prince Ribbit misses you.
You claw Prince Ribbit!
You kill Prince Ribbit!
Trog accepts your kill.
Trog appreciates your killing of a magic user.
Something hits you!
Your Dodging skill increases to level 4!
You have reached level 7!
You are too injured to fight recklessly!
Calm down first, please.
You are too injured to fight recklessly!
You start resting.
Something hits you.
You feel a strong urge to attack something.
You feel your anger nearly subside.
You are no longer berserk.
You are exhausted.
You feel yourself slow down.
You see here a +0 giant club.
You are too injured to fight recklessly!
Something hits you!
Found a sedimented silvery potion.
You are too injured to fight recklessly!
Something hits you!
* * * LOW HITPOINT WARNING * * *
Something hits you!
* * * LOW HITPOINT WARNING * * *
Something hits you.
* * * LOW HITPOINT WARNING * * *
Something hits you!
You die...

...............+ ..............
!........... ........)†# #.. .. #
..........# #.##.# # ..........#
#.#... # ........).# ###.#.### #
###......#####......<# #
#..#..@........#...# # #####
#######.....######.#.# ....#
#..#..#.....#..#..+#.# ....#
#..#..#.###.#..#.....#
....#######.....+..#_.'........##
†........##....#########.........
.........##.....'..#..+......)###
.............#..#.###.#..#....#
.........#...#..#.....#..#....#


There were no monsters in sight!

Vanquished Creatures
  Prince Ribbit (D:5)
  An orc warrior (D:4)
  2 ogres (D:5)
  A centaur zombie (D:5)
  A hound (D:5)
  An orc priest (D:4)
  An iguana (D:3)
  A hound skeleton (D:3)
  2 adders
  2 white imps (D:5)
  3 dart slugs
  2 orcs (D:3)
  3 ball pythons
  6 endoplasms
  2 giant cockroaches
  7 goblins
  7 hobgoblins
  6 jackals
  3 quokkas
  5 bats
  3 frilled lizards
  7 kobolds
  4 rats
71 creatures vanquished.

Notes
Turn   | Place    | Note
-------+----------+-------------------------------------------
     0 | D:1      | psychosalad the Troll Berserker began the quest for the
                  | Orb.
     0 | D:1      | Reached XP level 1. HP: 22/22 MP: 0/0
     3 | D:1      | Found a faded altar of an unknown god.
   232 | D:1      | Reached XP level 2. HP: 29/29 MP: 1/1
  1314 | D:2      | Found Mutiykh's Weapon Shop.
  1320 | D:2      | Reached XP level 3. HP: 36/36 MP: 2/2
  1818 | D:3      | Found Iqoxi's General Store.
  1843 | D:3      | Reached ** piety under Trog
  1863 | D:3      | Reached XP level 4. HP: 44/44 MP: 3/3
  1898 | D:3      | Reached skill level 4 in Unarmed Combat
  2122 | D:3      | Found a basalt altar of Yredelemnul.
  2301 | D:4      | Noticed an orc warrior
  2310 | D:4      | Reached XP level 5. HP: 53/53 MP: 4/4
  2311 | D:4      | Killed an orc warrior
  2312 | D:4      | Reached skill level 5 in Unarmed Combat
  2370 | D:5      | Entered Level 5 of the Dungeon
  2375 | D:4      | Found a stormy altar of Qazlal.
  2432 | D:5      | Reached XP level 6. HP: 59/61 MP: 5/5
  2492 | D:5      | Found a sacrificial altar of Ru.
  2525 | D:5      | Noticed Prince Ribbit
  2528 | D:5      | Noticed Edmund
  2532 | D:5      | Reached skill level 6 in Unarmed Combat
  2539 | D:5      | Killed Prince Ribbit
  2540 | D:5      | Reached XP level 7. HP: 46/67 MP: 6/6
  2548 | D:5      | Slain by Edmund

Illustrated notes

Levels and vault maps discovered:
D:1:      amcnicky_arrival_underground_garden, layout_loops_corners,
          hellmonk_ecumenical_altar_run_dry
D:2:      layout_rooms, serial_shops, shop
D:3:      layout_rooms, yredelemnul_altar_generic, serial_shops, shop
D:4:      layout_cave_pools, nicolae_overflow_hidden_temple,
          overflow_temple_1_default, minmay_temple_entry_nine_rooms,
          nicolae_ossuary_entry_catacombs
D:5:      layout_basic, hangedman_ru_absence, ebering_ghost_reflecting_pool,
          grunt_ministairs_13, uniq_edmund, uniq_crazy_yiuf_cottage,
          uniq_prince_ribbit1, uniq_menkaure

Skill      XL: |  1  2  3  4  5  6 |
---------------+-------------------+-----
Dodging        | 3 4 |  4.0
Unarmed Combat | 4 5 6 |  6.8
Fighting       | 3 |  3.5
Stealth        | |  0.8

Action                   |  1- 3 |  4- 6 |  7- 9 || total
-------------------------+-------+-------+-------++-------
Melee: Unarmed           |    91 |    81 |       ||   172
       Punch             |       |     1 |       ||     1
Invok: Berserk           |       |     2 |       ||     2
       Trog's Hand       |       |     1 |       ||     1
  Use: Scroll            |     6 |     3 |       ||     9
       Potion            |     1 |       |       ||     1
Armor: Animal skin       |    23 |    20 |       ||    43
Dodge: Dodged            |    47 |    49 |       ||    96

Table legend: (Time is in decaauts)
 A = Elapsed time spent in this place.
 B = Non-inter-level travel time spent in this place.
 C = Inter-level travel time spent in this place.
 D = Time resting spent in this place.
 E = Time spent auto-exploring this place.
 F = Levels seen in this place.
 G = Mean time per level.
                   A        B        C        D        E       F      G
               +--------+--------+--------+--------+--------+-----+--------+
         Total |   2527 |   2243 |    284 |    263 |   1555 |   5 |  505.4 |
       Dungeon |   2527 |   2243 |    284 |    263 |   1555 |   5 |  505.4 |
               +--------+--------+--------+--------+--------+-----+--------+

Top non-repeatable levels by time:
     D:1: 1290 daAuts
     D:2: 493 daAuts
     D:3: 486 daAuts
     D:5: 153 daAuts
     D:4: 102 daAuts
